 Dungeon Crawl Stone Soup version 0.29.1-12-g30fa7ad0bf (webtiles) character file.

Game seed: 11453828139098769753

865 wormed the Cudgeller (level 7, -9/55 HPs)
             Began as a Demonspawn Fighter on Dec 21, 2022.
             Was a Believer of Trog.
             Mangled by an ogre
             ... wielding a +0 giant club
              (20 damage)
             ... on level 5 of the Dungeon.
             The game lasted 00:08:36 (5209 turns).

wormed the Cudgeller (Demonspawn Fighter)           Turns: 5209, Time: 00:08:38

Health: -9/55      AC: 14    Str: 17    XL:     7   Next: 72%
Magic:  7/7        EV:  6    Int:  8    God:    Trog [**....]
Gold:   240        SH: 10    Dex: 17    Spells: 6/6 levels left

rFire   + . .      SeeInvis .   C - +1 whip (elec)
rCold   + . .      Faith    .   c - +0 buckler
rNeg    . . .      Spirit   .   p - +0 plate armour
rPois   +          Reflect  +   (helmet restricted)
rElec   .          Harm     .   z - +0 cloak {Stlth+}
rCorr   .          Rampage  .   j - +0 pair of gloves
Will    .....                   (no boots)
Stlth   ..........              f - amulet of reflection
HPRegen 0.18/turn               i - ring of protection from cold
MPRegen 0.20/turn               s - ring of protection from fire

@: weakened
A: antennae 1, demonic guardian 1, magic regeneration, sturdy frame 1, agile 1,
poison resistance
a: Renounce Religion, Berserk, Trog's Hand


You were on level 5 of the Dungeon.
You worshipped Trog.
Trog was pleased with you.
You visited 1 branch of the dungeon, and saw 5 of its levels.

You collected 240 gold pieces.

Inventory:

Hand Weapons
 C - a +1 whip of electrocution (weapon)
Missiles
 e - 4 silver javelins (quivered)
Armour
 c - a +0 buckler (worn)
 j - a +0 pair of gloves (worn)
 p - a +0 plate armour (worn)
 z - a +0 cloak of stealth (worn)
Jewellery
 f - an amulet of reflection (around neck)
 i - a ring of protection from cold (left hand)
 n - a ring of positive energy
 s - a ring of protection from fire (right hand)
 y - a ring of protection from fire
 B - a ring of ice
Scrolls
 k - 3 scrolls of teleportation {unknown}
 l - 3 scrolls of blinking {unknown}
 r - a scroll of fog {unknown}
 x - a scroll of poison {unknown}
Potions
 b - 4 potions of degeneration
 d - a potion of might
 g - a potion of brilliance
 h - 3 potions of curing
 m - a potion of ambrosia
 o - a potion of lignification
 q - a potion of mutation
 t - a potion of flight {unknown}
 u - 4 potions of heal wounds
 v - a potion of magic {unknown}


   Skills:
 + Level 4.8 Fighting
 * Level 5.3 Maces & Flails
 + Level 4.5 Armour
 + Level 4.4 Shields


You had 6 spell levels left.
You didn't know any spells.
Your spell library contained the following spells:

 Spells                   Type           Power      Damage    Failure   Level
 Frozen Ramparts          Ice            0%         1d1       100%        3
 Tukima's Dance           Hex            0%         N/A       100%        3
 Ice Form                 Ice/Tmut       0%         N/A       100%        4
 Passage of Golubria      Tloc           0%         N/A       100%        4
 Summon Ice Beast         Ice/Summ       0%         N/A       100%        4
 Yara's Violent Unravell  Hex/Tmut       0%         3d3       100%        5


Dungeon Overview and Level Annotations

Branches:
Dungeon (5/15)
 Temple: D:4-7

Altars:
Trog
Xom


Innate Abilities, Weirdness & Mutations

You have a pair of small antennae on your head.
A weak demonic guardian rushes to your aid.
You regenerate magic rapidly.
Your movements are slightly less encumbered by armour. (ER -2)
You are agile. (Dex +4, Str/Int -1)
Your system is resistant to poisons. (rPois)


Message History

The gnoll bouda hits you but does no damage.
You hit the gnoll bouda.
The gnoll bouda is almost dead.
You block the ogre's attack. You block the gnoll's attack.
Your quasit bites the gnoll.
Your quasit closely misses the gnoll.
Your quasit barely misses the gnoll.
The gnoll bouda mumbles some strange prayers to its god.
The gnoll bouda is healed somewhat.
Your quasit barely misses the gnoll. x2
Your quasit completely misses the gnoll.
The gnoll misses your quasit.
The gnoll bouda attacks as you move away!
The gnoll bouda hits you with a +0 club.
Your quasit completely misses the gnoll.
Your quasit claws the gnoll but does no damage.
Your quasit closely misses the gnoll.
The gnoll misses your quasit.
The gnoll bouda attacks as you move away!
You block the gnoll bouda's attack.
Your quasit bites the gnoll.
Your quasit claws the gnoll. x2; The gnoll misses your quasit.
Your quasit closely misses the gnoll.
Your quasit claws the gnoll but does no damage. x2
Your quasit bites the gnoll but does no damage.
Your quasit claws the gnoll.
Your quasit closely misses the gnoll.
The gnoll misses your quasit. The ogre attacks as you move away!
The ogre hits you with a +0 giant club!!
* * * LOW HITPOINT WARNING * * *
Your quasit bites the gnoll but does no damage.
Your quasit barely misses the gnoll.
Your quasit claws the gnoll but does no damage.
The gnoll hits your quasit with a +0 flail!
The gnoll bouda gazes fiercely through you!
You feel as though you will be weak longer.
You hit the ogre.
The ogre is lightly wounded.
Your quasit bites the gnoll but does no damage.
Your quasit claws the gnoll but does no damage.
Your quasit claws the gnoll.
The ogre hits you with a +0 giant club!!
You die...

#.........#.###.....
#.........#.........
##.##.###.#.###.....
#. #.###.#........#
#. #..##.#######.##
#. #...........#.#
#. #..88888888...#
#.##..8888.888..+##
#.@Og..5..........#
####....g.8........
#........8........
#.##..............
#. #.8888}888..... #
..8888.888.....
................
###.###..#.#<.... #.
.....##...#


You could see an ogre, a gnoll bouda, a gnoll (swift, distracted, ally target)
and a friendly quasit (summoned).

Vanquished Creatures
  Sigmund (D:4)
  Menkaure (D:4)
  An ogre (D:5)
  A scorpion (D:5)
  A gnoll bouda (D:5)
  Crazy Yiuf (D:4)
  Ijyb (D:4)
  Terence (D:3)
  Natasha (twice) (D:4)
  An iguana (D:4)
  An orc wizard (D:3)
  5 gnolls (D:5)
  5 adders
  An ufetubus (D:4)
  5 worms
  5 dart slugs
  5 orcs (D:3)
  5 bats
  7 endoplasms
  5 giant cockroaches
  6 goblins
  3 hobgoblins (D:1)
  3 jackals (D:1)
  A kobold (D:1)
  2 quokkas (D:1)
  7 ball pythons
  A frilled lizard (D:3)
  4 rats
82 creatures vanquished.

Vanquished Creatures (collateral kills)
  Natasha (D:4)
  A gnoll (D:5)
  An endoplasm (D:4)
3 creatures vanquished.

Grand Total: 85 creatures vanquished

Notes
Turn   | Place    | Note
-------+----------+-------------------------------------------
     0 | D:1      | wormed the Demonspawn Fighter began the quest for the Orb.
     0 | D:1      | Reached XP level 1. HP: 18/18 MP: 1/1
    62 | D:1      | Reached skill level 2 in Maces & Flails
   260 | D:1      | Gained mutation: You have a pair of small antennae on your
                  | head. [demonic ancestry]
   260 | D:1      | Reached XP level 2. HP: 10/24 MP: 2/2
  1011 | D:1      | Gained mutation: Your movements are slightly less
                  | encumbered by armour. (ER -2) [demonic ancestry]
  1011 | D:1      | Reached XP level 3. HP: 29/29 MP: 3/3
  1258 | D:2      | Found a shimmering altar of Xom.
  2059 | D:2      | Found a faded altar of an unknown god.
  2129 | D:2      | Prayed at the altar of an unknown god.
  2129 | D:2      | Became a worshipper of Trog the Wrathful
  2129 | D:2      | Reached * piety under Trog
  2316 | D:3      | Reached XP level 4. HP: 33/35 MP: 4/4
  2337 | D:3      | Noticed Terence
  2352 | D:3      | Killed Terence
  2353 | D:3      | Reached skill level 3 in Maces & Flails
  2490 | D:3      | Reached XP level 5. HP: 39/42 MP: 5/5
  3455 | D:4      | Noticed Sigmund
  3473 | D:4      | Killed Sigmund
  3474 | D:4      | Reached skill level 4 in Maces & Flails
  3474 | D:4      | Gained mutation: A weak demonic guardian rushes to your
                  | aid. [demonic ancestry]
  3474 | D:4      | Reached XP level 6. HP: 23/48 MP: 6/6
  3698 | D:4      | Noticed Menkaure
  3700 | D:4      | Noticed Natasha
  3713 | D:4      | Killed Menkaure
  3714 | D:4      | Killed Natasha
  3715 | D:4      | Gained mutation: You regenerate magic rapidly. [demonic
                  | ancestry]
  3715 | D:4      | Reached XP level 7. HP: 16/55 MP: 7/7
  3722 | D:4      | Noticed Natasha
  3736 | D:4      | Killed Natasha
  3736 | D:4      | Reached ** piety under Trog
  4041 | D:4      | Noticed Natasha
  4053 | D:4      | Killed Natasha
  4154 | D:4      | Found a shimmering altar of Xom.
  4251 | D:4      | Found a runed translucent door.
  4252 | D:4      | Noticed Crazy Yiuf
  4302 | D:4      | Noticed Ijyb
  4330 | D:4      | Killed Ijyb
  4388 | D:4      | Killed Crazy Yiuf
  4696 | D:5      | Entered Level 5 of the Dungeon
  4782 | D:5      | Reached skill level 5 in Maces & Flails
  5157 | D:5      | Gained mutation: Your system is resistant to poisons.
                  | (rPois) [potion of mutation]
  5157 | D:5      | Gained mutation: You are agile. (Dex +4, Str/Int -1)
                  | [potion of mutation]
  5209 | D:5      | Mangled by an ogre

Illustrated notes

Levels and vault maps discovered:
D:1:      dpeg_arrival_prison, layout_loops_ring
D:2:      layout_loops_ring, basic_altar, shapermc_ecumenical_altar_mp_highgroup
D:3:      layout_rooms, uniq_terence
D:4:      layout_cave_pools, mainiacjoe_overflow_brackets, uniq_menkaure,
          uniq_ijyb, uniq_natasha, uniq_sigmund, uniq_crazy_yiuf_cottage
D:5:      layout_loops_corners, chequers_temple_overflow_minitemple,
          hellmonk_bongcloud_opening, grunt_tough_drop

Skill      XL: |  1  2  3  4  5  6  7 |
---------------+----------------------+-----
Maces & Flails | 2 3 4 5 |  5.3
Armour         | 3 4 |  4.5
Shields        | 3 4 |  4.4
Fighting       | 4 |  4.8

Action                   |  1- 3 |  4- 6 |  7- 9 || total
-------------------------+-------+-------+-------++-------
Melee: Flail             |   136 |   124 |    82 ||   342
       Whip              |       |       |     9 ||     9
Invok: Berserk           |       |     1 |       ||     1
  Use: Scroll            |     3 |       |     4 ||     7
       Potion            |       |       |     1 ||     1
 Stab: Distracted        |       |     1 |     1 ||     2
Armor: Scale mail        |    57 |       |       ||    57
       Plate armour      |     4 |    74 |    35 ||   113
Dodge: Dodged            |    49 |    28 |    29 ||   106
Block: Buckler           |    40 |    66 |    42 ||   148
       Reflection        |     1 |     1 |       ||     2
